 Dungeon Sprint DCSS version 0.31-a0-7-g51783674b7 (webtiles) character file.

Game seed: 14653423756237652066

444 sircluck the Cleaver (level 7, 0/57 (105) HPs)
             Began as a Hill Orc Fighter on May 5, 2023.
             Was an Initiate of Nemelex Xobeh.
             Slain by Sonja
             ... wielding a +2 dagger of draining
              (5 damage)
             ... in the Dungeon (Sprint I: "Red Sonja").
             The game lasted 00:01:21 (367 turns).

sircluck the Cleaver (Hill Orc Fighter)              Turns: 367, Time: 00:01:22

HP:   0/57 (105)    AC:  8    Str: 21    XL:     7   Next: 3%
MP:   7/7           EV: 10    Int:  8    God:    Nemelex Xobeh [......]
Gold: 297           SH:  5    Dex: 10    Spells: 6/6 levels left

rFire   + . .        a - +0 war axe
rCold   . . .        c - +0 buckler
rNeg    . . .        l - +0 scale mail {rF+}
rPois   .            (no helmet)
rElec   .            (no cloak)
rCorr   .            (no gloves)
SInv    .            (no boots)
Will    .....        (no amulet) Stlth
                     (no ring)
HPRegen 0.29/turn    (no ring)
MPRegen 0.10/turn

%: no teleportation
@: berserking, very heavily drained, very quick
A: no striking features
a: Renounce Religion, Draw Escape, Draw Destruction, Draw Summoning


You were in the Dungeon.
You worshipped Nemelex Xobeh.
Nemelex Xobeh was noncommittal.
You visited 1 branch You collected 297 gold pieces.

Inventory:

Hand Weapons
 a - a +0 war axe (weapon)
Armour
 b - a +0 scale mail
 c - a +0 buckler (worn)
 l - a +0 scale mail of fire resistance (worn)
Jewellery
 m - a ring of protection from fire
Wands
 k - a wand of roots (4)
Scrolls
 j - a scroll of blinking
Potions
 d - a potion of might
 e - a potion of curing
 f - a potion of heal wounds
 g - a potion of haste
 h - 2 potions of magic


   Skills:
 + Level 9.3 Fighting
 + Level 9.4 Axes
 + Level 9.0 Armour
 + Level 1.3 Dodging
 + Level 0.3 Stealth
 + Level 8.3 Shields


You had 6 spell levels left.
You didn't know any spells.
Your spell library was empty.

Dungeon Overview and Level Annotations

Branches:
Dungeon (1/1)

Altars:
Cheibriados
Dithmenos
Elyvilon
Fedhas
Gozag
Hepliaklqana
Kikubaaqudgha
Nemelex Xobeh
Okawaru
Qazlal
Ru
Sif Muna
Trog
Uskayaw
Vehumet
Wu Jian
Yredelemnul
Zin
The Shining One

Shops:
D *

Annotations:
D Sonja


Message History

You feel drained. You block Sonja's attack.
Sonja hits you with a +2 dagger of draining.
You feel drained. Sonja barely misses you.
Sonja hits you with a +2 dagger of draining.
You feel drained.
You hit Sonja but do no damage.
Sonja is heavily wounded.
Sonja hits you with a +2 dagger of draining.
You feel drained. You block Sonja's attack.
Sonja hits you with a +2 dagger of draining.
You feel drained.
Unknown command.
You closely miss Sonja.
Sonja is heavily wounded.
You block Sonja's attack. Sonja closely misses you. Sonja misses you.
Unknown command.
You closely miss Sonja.
Sonja is heavily wounded.
Sonja casts a spell.
Sonja blinks!
You closely miss Sonja.
Sonja is heavily wounded.
Sonja closely misses you. You block Sonja's attack.
Sonja hits you but does no damage.
You feel drained.
You closely miss Sonja.
Sonja is heavily wounded.
Sonja hits you with a +2 dagger of draining.
You feel drained. Sonja barely misses you. Sonja closely misses you.
Sonja hits you with a +2 dagger of draining.
You feel drained. Sonja hits you but does no damage.
You feel drained.
Sonja hits you with a +2 dagger of draining.
* * * LOW HITPOINT WARNING * * *
You feel drained.
A red film seems to cover your vision as you go berserk!
You feel yourself moving faster!
You feel mighty!
Sonja hits you with a +2 dagger of draining!
* * * LOW HITPOINT WARNING * * *
You feel drained.
You die...
Your body disappears without a glow.

#<.#.))..#..'..#
#..'..#..').#..+
#..#####'#####'#
#..####..#...#.#
#..#__####..##)#
#..#_____##'#_.+
#⌠⌠#_.∩...†..._#
####_..__##_.#'#
#_____###@#.#
####### #K###
$.$ #$.$# ##.##
#+#


You could see Sonja.

Vanquished Creatures
  Sigmund (D)
  A yak (D)
  An ogre (D)
  A jelly (D)
  Ijyb (D)
5 creatures vanquished.

Notes
Turn   | Place    | Note
-------+----------+-------------------------------------------
     0 | D        | sircluck the Hill Orc Fighter began the quest for the Orb.
     0 | D        | Reached XP level 1. HP: 19/19 MP: 1/1
     1 | D        | Noticed Ijyb
     8 | D        | Killed Ijyb
     9 | D        | Reached skill level 5 in Fighting
     9 | D        | Reached XP level 2. HP: 22/29 MP: 2/2
     9 | D        | Reached XP level 3. HP: 27/36 MP: 3/3
    44 | D        | Noticed an ogre
    54 | D        | Killed an ogre
    55 | D        | Reached skill level 5 in Axes
    55 | D        | Reached XP level 4. HP: 17/45 MP: 4/4
   167 | D        | Noticed Sigmund
   184 | D        | Killed Sigmund
   185 | D        | Reached skill level 1 in Dodging
   185 | D        | Reached XP level 5. HP: 51/55 MP: 5/5
   185 | D        | Reached XP level 6. HP: 57/62 MP: 6/6
   212 | D        | Found an ornate altar of the Wu Jian Council.
   212 | D        | Found a shimmering blue altar of Sif Muna.
   214 | D        | Found a radiant altar of Vehumet.
   260 | D        | Found Nuitres's Assorted Antiques.
   260 | D        | Found an ancient bone altar of Kikubaaqudgha.
   260 | D        | Found a hazy altar of Hepliaklqana.
   260 | D        | Found a stormy altar of Qazlal.
   260 | D        | Found a hide-covered altar of Uskayaw.
   260 | D        | Found a blossoming altar of Fedhas.
   260 | D        | Found a bloodstained altar of Trog.
   260 | D        | Found an iron altar of Okawaru.
   260 | D        | Found a basalt altar of Yredelemnul.
   260 | D        | Found a glowing golden altar of the Shining One.
   260 | D        | Found a snail-covered altar of Cheibriados.
   260 | D        | Found a sacrificial altar of Ru.
   260 | D        | Found a glowing silver altar of Zin.
   260 | D        | Found a shadowy altar of Dithmenos.
   260 | D        | Found a white marble altar of Elyvilon.
   260 | D        | Noticed a yak
   266 | D        | Killed a yak
   267 | D        | Reached XP level 7. HP: 50/70 MP: 7/7
   331 | D        | Found an opulent altar of Gozag.
   332 | D        | Found a sparkling altar of Nemelex Xobeh.
   346 | D        | Became a worshipper of Nemelex Xobeh the Trickster
   352 | D        | Noticed Sonja
   367 | D        | Slain by Sonja

Illustrated notes

Levels and vault maps discovered:
D:        dungeon_sprint_1 [red_sonja_temple_1, red_sonja_temple_small_1]

Skill      XL: |  1  2  3  4  5  6 |
---------------+-------------------+-----
Fighting       | 5 6 8 9 |  9.3
Axes           | 3 5 7 9 |  9.4
Armour         | 4 6 8 9 |  9.0
Shields        | 4 6 7 8 |  8.3
Dodging        | 1 |  1.3
Stealth        | |  0.3

Action                     |  1- 3 |  4- 6 |  7- 9 || total
---------------------------+-------+-------+-------++-------
  Melee: War axe           |    14 |    24 |    12 ||    50
  Evoke: Wand              |     1 |       |       ||     1
    Use: Potion            |       |       |     1 ||     1
 Armour: Scale mail        |     3 |     3 |     8 ||    14
  Dodge: Dodged            |     5 |     5 |    16 ||    26
  Block: Buckler           |       |     4 |     8 ||    12

Table legend: (Time is in decaauts)
 A = Elapsed time spent in this place.
 B = Non-inter-level travel time spent in this place.
 C = Inter-level travel time spent in this place.
 D = Time resting spent in this place.
 E = Time spent auto-exploring this place.
 F = Levels seen in this place.
 G = Mean time per level.
                   A        B        C        D        E       F      G
               +--------+--------+--------+--------+--------+-----+--------+
         Total |    377 |    377 |      0 |      0 |    242 |   1 |  377.0 |
       Dungeon |    377 |    377 |      0 |      0 |    242 |   1 |  377.0 |
               +--------+--------+--------+--------+--------+-----+--------+

Top non-repeatable levels by time:
       D: 377 daAuts
